[Event "Titled Tuesday Blitz June 6 Early 2023"]
[White "i_like_explosions"]
[Black "Gomez Ledo, Roberto Carlos"]
[BlackFideId "3507076"]
[WhiteElo "2457"]
[BlackElo "2378"]
[Result "1-0"]
[Round "10"]
[TimeControl "180+2"]
[Date "2023.06.06"]
[WhiteClock "0:00:10"]
[BlackClock "0:00:06"]
[Board "73"]

1. d4 Nf6 2. Bg5 d5 3. Bxf6 exf6 4. e3 c6 5. c4 dxc4 6. Bxc4 Bd6 7. Nf3 O-O 8. O-O f5 9. Nc3 Nd7 10. Qc2 Nf6 11. Bd3 g6 12. Rad1 Qe7 13. a3 Re8 14. Bc4 Ne4 15. Nd2 a6 16. Ndxe4 fxe4 17. a4 h5 18. Rfe1 h4 19. a5 h3 20. g3 Bg4 21. Rd2 Bf3 22. Bf1 Bg4 23. Qa4 Kh7 24. Rc1 Qf6 25. d5 c5 26. Nxe4 Rxe4 27. Qxe4 Qg5 28. Be2 f5 29. Qd3 Qh5 30. Bxg4 Qxg4 31. Rc4 f4 32. exf4 Re8 33. Re4 Bxf4 34. Rde2 c4 35. Qc2 Qf3 36. Re7+ Rxe7 37. Rxe7+ Kh6 38. Qe4 Qd1+ 39. Qe1 Qg4 40. Qe2 Qg5 41. Re4 Bd6 42. Rg4 Qc1+ 43. Qf1 Qxb2 44. Rxc4 Qb5 45. Rh4+ Kg7 46. Qxb5 axb5 47. Rxh3 Kf6 48. Rh4 Ke5 49. Kf1 g5 50. Rg4 Kxd5 51. Ke2 b4 52. Kd1 b3 53. Kc1 Be7 54. Kb1 Bf6 55. h4 gxh4 56. gxh4 Kc5 57. h5 Kb5 58. h6 Kxa5 59. h7 b5 60. Rg8 Kb4 61. h8=Q Bxh8 62. Rxh8 1-0


[Site "https://www.chess.com"]

[Event "Titled Tuesday Blitz June 6 Early 2023"]
[White "Shohat, Yotam"]
[Black "Balla, Tamas-Kristof"]
[WhiteFideId "2813955"]
[BlackFideId "1208497"]
[WhiteElo "2226"]
[BlackElo "2334"]
[Result "1-0"]
[Round "10"]
[TimeControl "180+2"]
[Date "2023.06.06"]
[WhiteClock "0:00:07"]
[BlackClock "0:00:04"]
[Board "74"]

1. e4 c5 2. Nf3 Nc6 3. d4 cxd4 4. Nxd4 e5 5. Nb5 d6 6. N1c3 a6 7. Na3 b5 8. Nd5 Nge7 9. c4 Nxd5 10. exd5 Nd4 11. Bd3 Be7 12. O-O O-O 13. Be3 Nf5 14. Bd2 Nh4 15. cxb5 f5 16. g3 Ng6 17. f4 axb5 18. Nxb5 Ba6 19. a4 exf4 20. gxf4 Bf6 21. Bxf5 Bxb2 22. Be6+ Kh8 23. Rb1 Bxb5 24. axb5 Bd4+ 25. Kh1 Qf6 26. b6 Nh4 27. b7 Rab8 28. Be1 Nf5 29. Bf2 Bxf2 30. Rxf2 Ne3 31. Qd3 Nf5 32. Bxf5 Qxf5 33. Qxf5 Rxf5 34. Rc2 Rff8 35. Rc6 Rfd8 36. Kg2 h6 37. Kf3 Kh7 38. Rc7 Kg6 39. Rg1+ Kf6 40. Rgxg7 Rf8 41. Rgd7 Kg6 42. Rxd6+ Kh5 43. Rh7 Rxb7 44. Rhxh6# 1-0


[Site "https://www.chess.com"]

[Event "Titled Tuesday Blitz June 6 Early 2023"]
[White "Shapiro, Viktor"]
[Black "Moral Garcia, Serafin"]
[WhiteFideId "4175700"]
[BlackFideId "2201925"]
[WhiteElo "2212"]
[BlackElo "2274"]
[Result "0-1"]
[Round "10"]
[TimeControl "180+2"]
[Date "2023.06.06"]
[WhiteClock "0:01:06"]
[BlackClock "0:00:46"]
[Board "75"]

1. c4 e5 2. Nc3 Nf6 3. g3 c6 4. Bg2 d5 5. cxd5 cxd5 6. Qb3 Nc6 7. Nxd5 Nd4 8. Nxf6+ Qxf6 9. Qd1 Bf5 10. d3 Rc8 11. Kf1 Bc5 12. Nf3 Nxf3 13. Bxf3 Bh3+ 14. Kg1 O-O 15. Be3 Bxe3 16. fxe3 Qb6 17. Kf2 Qf6 18. Qb3 g5 19. Qa4 g4 20. Rhc1 gxf3 21. exf3 Be6 22. Qxa7 e4 23. Qd4 Qxf3+ 24. Kg1 exd3 25. Rf1 Qh5 26. Qxd3 Rfd8 27. Qe4 Rd2 28. Qh4 Qxh4 29. gxh4 Rcc2 30. Rf3 Rg2+ 31. Kh1 Rxh2+ 32. Kg1 Rcg2+ 33. Kf1 Bc4+ 34. Ke1 Rg1+ 0-1


[Site "https://www.chess.com"]

[Event "Titled Tuesday Blitz June 6 Early 2023"]
[White "Escanor89"]
[Black "Garcia Jimenez, Francisco Javier"]
[BlackFideId "2231590"]
[WhiteElo "2530"]
[BlackElo "2246"]
[Result "0-1"]
[Round "10"]
[TimeControl "180+2"]
[Date "2023.06.06"]
[WhiteClock "0:00:02"]
[BlackClock "0:00:55"]
[Board "76"]

1. e4 d5 2. exd5 Qxd5 3. Nc3 Qd8 4. d4 Nf6 5. Nf3 Bg4 6. h3 Bxf3 7. Qxf3 c6 8. Ne2 e6 9. g4 Qd5 10. Bg2 Qxf3 11. Bxf3 Nbd7 12. Bf4 Nd5 13. Bg3 Be7 14. Bg2 h5 15. O-O-O hxg4 16. hxg4 O-O-O 17. c4 N5b6 18. b3 Bf6 19. Kc2 a5 20. Rxh8 Rxh8 21. Nc3 Nb8 22. Ne4 Na6 23. Nd6+ Kd7 24. Nxf7 Nb4+ 25. Kb2 Rf8 26. Ne5+ Bxe5 27. dxe5+ Kc7 28. Rd6 Nc8 29. Rxe6 Nd3+ 30. Kc3 Nxf2 31. Rg6 Nd1+ 32. Kd2 Rd8+ 33. Kc1 Nc3 34. Rxg7+ Kb6 35. Kc2 Nd1 36. Be4 Ne3+ 37. Kc3 Nd1+ 38. Kc2 Ne3+ 39. Kb2 Rd2+ 40. Ka3 Rd4 41. Bf5 Rd2 42. Bf4 Nc2+ 43. Bxc2 Rxc2 44. Be3+ Ka6 45. e6 b5 46. cxb5+ cxb5 47. b4 a4 48. Bd4 Nd6 0-1


[Site "https://www.chess.com"]

[Event "Titled Tuesday Blitz June 6 Early 2023"]
[White "Arat, Ufuk Sezen"]
[Black "FunnyDuck66"]
[WhiteFideId "6309089"]
[WhiteElo "2289"]
[BlackElo "2438"]
[Result "1-0"]
[Round "10"]
[TimeControl "180+2"]
[Date "2023.06.06"]
[WhiteClock "0:01:26"]
[BlackClock "0:01:00"]
[Board "77"]

1. e4 c6 2. d4 d5 3. e5 Bf5 4. h4 h5 5. Bd3 Bxd3 6. Qxd3 Qa5+ 7. Nd2 e6 8. Nf3 Qa6 9. c4 Ne7 10. O-O dxc4 11. Nxc4 Nd5 12. b3 Nd7 13. a4 N7b6 14. Ba3 Bxa3 15. Rxa3 Nxc4 16. bxc4 Nb6 17. Rc1 Qa5 18. Ng5 g6 19. Qf3 Rf8 20. Nh7 Rh8 21. Nf6+ Ke7 22. Ne4 Rhf8 23. Qf6+ Kd7 24. Nc5+ Ke8 25. Nxb7 Qd2 26. Rb1 Qxd4 27. Nd6+ Kd7 28. Raa1 Rab8 29. Rd1 Qg4 30. Nb5+ Kc8 31. Nxa7+ Kb7 32. Qe7+ Ka8 33. Nxc6 Nc8 34. Rd7 1-0


[Site "https://www.chess.com"]

[Event "Titled Tuesday Blitz June 6 Early 2023"]
[White "Baches Garcia, Guillermo"]
[Black "Mogirzan, Matei-Valeriu"]
[WhiteFideId "2209764"]
[BlackFideId "1257455"]
[WhiteElo "2512"]
[BlackElo "1733"]
[Result "0-1"]
[Round "10"]
[TimeControl "180+2"]
[Date "2023.06.06"]
[WhiteClock "0:00:05"]
[BlackClock "0:00:25"]
[Board "78"]

1. e4 e5 2. Nf3 Nf6 3. Nc3 Bc5 4. Nxe5 Nc6 5. d4 Bxd4 6. Nxc6 dxc6 7. Bd3 Ng4 8. Be3 Nxe3 9. fxe3 Bxe3 10. Qf3 Qg5 11. h4 Qh6 12. g4 Qf4 13. Qxf4 Bxf4 14. g5 Be6 15. Ne2 Be5 16. c3 O-O-O 17. O-O-O Bxa2 18. Kc2 Be6 19. Ra1 a6 20. b4 Rd7 21. Ra5 f6 22. Nc1 Rhd8 23. Rd1 Bf4 24. Be2 Rxd1 25. Bxd1 Rd2+ 0-1


[Site "https://www.chess.com"]

[Event "Titled Tuesday Blitz June 6 Early 2023"]
[White "LeoLV10"]
[Black "Janaszak, Dawid"]
[BlackFideId "1119206"]
[WhiteElo "2431"]
[BlackElo "2220"]
[Result "0-1"]
[Round "10"]
[TimeControl "180+2"]
[Date "2023.06.06"]
[WhiteClock "0:00:05"]
[BlackClock "0:00:17"]
[Board "79"]

1. e4 c5 2. Nf3 Nc6 3. d4 cxd4 4. Nxd4 g6 5. c4 Bg7 6. Be3 Qb6 7. Nb3 Qd8 8. Nc3 Bxc3+ 9. bxc3 d6 10. Be2 Nf6 11. Qc2 b6 12. O-O Be6 13. Rad1 Qc7 14. Nd4 Bd7 15. Nb5 Qb8 16. f4 O-O 17. h3 a6 18. Nd4 Qc7 19. Rb1 Na5 20. Qd3 Rac8 21. Rb4 Nb7 22. Nf3 Nc5 23. Bxc5 Qxc5+ 24. Kh2 Bc6 25. Nd2 Ba8 26. a4 Nd7 27. Bf3 Qc7 28. Rfb1 Bc6 29. Qe3 a5 30. R4b2 Bxa4 31. f5 Bc6 32. fxg6 fxg6 33. Bg4 d5+ 34. Kh1 dxe4 35. Be6+ Kg7 36. Qd4+ Rf6 37. Bxd7 Qxd7 38. Rxb6 e3 39. Qxe3 Rcf8 40. Ne4 Re6 41. Nc5 Rxe3 42. Nxd7 Bxd7 43. Rb7 Rd3 44. c5 Rf7 45. R1b6 Bf5 46. c6 Be4 47. Kh2 Rd2 48. c7 Rxg2+ 49. Kh1 Rf1# 0-1


[Site "https://www.chess.com"]

[Event "Titled Tuesday Blitz June 6 Early 2023"]
[White "Aarav Dengla"]
[Black "Ansh M Shah"]
[WhiteFideId "45059756"]
[BlackFideId "25033379"]
[WhiteElo "2288"]
[BlackElo "2084"]
[Result "1-0"]
[Round "10"]
[TimeControl "180+2"]
[Date "2023.06.06"]
[WhiteClock "0:01:03"]
[BlackClock "0:00:16"]
[Board "80"]

1. e4 c6 2. d4 d5 3. exd5 cxd5 4. Bd3 Nc6 5. c3 Nf6 6. h3 e5 7. dxe5 Nxe5 8. Nf3 Nxd3+ 9. Qxd3 Bd6 10. Bg5 O-O 11. O-O h6 12. Bxf6 Qxf6 13. Qxd5 Rd8 14. Qe4 Bf5 15. Qa4 Bxh3 16. Nbd2 Bd7 17. Qd4 Qg6 18. Qe4 Bf5 19. Qa4 Bc5 20. Qb5 Bb6 21. Qb4 Be4 22. Qxe4 f5 23. Qc4+ Kh7 24. Ne5 Qg5 25. Ndf3 Qf6 26. Rad1 Re8 27. Nd7 Qc6 28. Qxc6 bxc6 29. Rfe1 Bc7 30. Nc5 g5 31. Rd7+ Kg6 32. Rxe8 Rxe8 33. Rxc7 g4 34. Rxc6+ Kh5 35. Nd4 f4 36. Nd3 g3 37. Nxf4+ Kg4 38. fxg3 Kxg3 39. Nde2+ Kg4 40. Rxh6 Rd8 41. Kf2 Rd2 42. Ke3 Rxb2 43. Nd4 Rxa2 44. Rg6+ Kh4 45. Nf5# 1-0


[Site "https://www.chess.com"]

[Event "Titled Tuesday Blitz June 6 Early 2023"]
[White "Bashirli, Saadat"]
[Black "Bas Mas, Jose Joaquin"]
[WhiteFideId "13429990"]
[BlackFideId "22219064"]
[WhiteElo "1408"]
[BlackElo "2212"]
[Result "1-0"]
[Round "10"]
[TimeControl "180+2"]
[Date "2023.06.06"]
[WhiteClock "0:00:06"]
[BlackClock "0:01:28"]
[Board "81"]

1. d4 d5 2. e3 Nf6 3. f4 Bf5 4. Bd3 Bxd3 5. cxd3 e6 6. Nf3 Be7 7. O-O O-O 8. Nc3 c5 9. dxc5 Bxc5 10. d4 Be7 11. Ne5 Nc6 12. Bd2 Rc8 13. Rc1 Qb6 14. Na4 Qa6 15. a3 Ne4 16. Nc3 Nxe5 17. fxe5 Nxc3 18. Rxc3 Rxc3 19. Bxc3 f6 20. exf6 Rxf6 21. Rxf6 Bxf6 22. Kf2 g6 23. Qe2 Qxe2+ 24. Kxe2 Kf7 25. Kf3 Bg5 26. e4 Bc1 27. e5 Ke7 28. Ke2 Kd7 29. Kd1 Be3 30. Ke2 Bf4 31. g3 Bh6 32. Bd2 Bf8 33. Kd3 Kc6 34. Kc3 b5 35. b4 a5 36. Bg5 a4 37. Bf6 Bh6 38. h4 Bc1 39. Bg5 Bxa3 40. Bd2 Kd7 41. Kc2 Ke8 42. Kb1 g5 43. h5 Kf7 44. Ka2 Bxb4 45. Bxb4 g4 46. Bd2 Ke7 47. Ka3 Kd7 48. Kb4 Kc6 49. h6 Kb6 50. Bc1 Kc6 51. Ka5 Kd7 52. Kxb5 Ke7 53. Kxa4 Kf7 54. Kb5 Kg6 55. Kc6 Kf5 56. Kd6 Ke4 57. Kxe6 Kxd4 58. Kd6 Kc3 59. e6 d4 60. e7 d3 61. e8=Q Kc2 62. Qc8+ Kd1 63. Bf4 d2 64. Bxd2 Kxd2 65. Qxg4 Ke3 66. Qg7 Kf2 67. Qxh7 Kf3 68. Qg7 Kg2 69. h7 Kh3 70. h8=Q+ Kg2 71. Qh3+ Kg1 72. Qh2+ Kxh2 73. g4 Kh1 74. g5 Kh2 75. g6 Kh1 76. Qg8 Kh2 77. g7 Kh1 78. Qf7 Kh2 79. Qg6 Kh1 80. g8=Q Kh2 81. Q8h7# 1-0


[Site "https://www.chess.com"]

[Event "Titled Tuesday Blitz June 6 Early 2023"]
[White "Ljukin, Sergei"]
[Black "Cardozo Munar, Carlos Eduardo"]
[WhiteFideId "14102200"]
[BlackFideId "4409477"]
[WhiteElo "2312"]
[BlackElo "2067"]
[Result "1/2-1/2"]
[Round "10"]
[TimeControl "180+2"]
[Date "2023.06.06"]
[WhiteClock "0:00:05"]
[BlackClock "0:00:20"]
[Board "82"]

1. e4 e6 2. d4 d5 3. Nc3 Nf6 4. Bg5 Be7 5. e5 Nfd7 6. h4 Bxg5 7. hxg5 Qxg5 8. Nh3 Qh4 9. Qd2 a6 10. O-O-O Nc6 11. f4 h6 12. Be2 Nb6 13. Qe3 Qe7 14. g4 Bd7 15. f5 O-O-O 16. Nf4 exf5 17. Ncxd5 Nxd5 18. Nxd5 Qg5 19. Qxg5 hxg5 20. gxf5 Rxh1 21. Rxh1 Bxf5 22. c4 Nxd4 23. Ne7+ Kb8 24. Nxf5 Nxe2+ 25. Kc2 g6 26. Nh6 Rd7 27. Rd1 Nd4+ 28. Kc3 c5 29. Rf1 Re7 30. Nxf7 Ne2+ 31. Kd2 Ng3 32. Rf3 Rd7+ 33. Kc2 Ne4 34. Re3 Rxf7 35. Rxe4 Re7 36. e6 g4 37. Kd3 g3 38. Ke2 Kc7 39. Kf3 Kd6 40. Kxg3 Rxe6 41. Rg4 Kc7 42. Kf3 Kb6 43. Rg5 Kc6 44. Kf2 a5 45. a4 Kc7 46. Rxc5+ Kb6 47. Rb5+ Ka6 48. Rg5 b6 49. b3 Kb7 50. Kf3 Kc6 51. Kf4 Kd6 52. Kf3 Kc6 53. Kf4 Kd6 54. Kf3 Kc6 1/2-1/2


[Site "https://www.chess.com"]

[Event "Titled Tuesday Blitz June 6 Early 2023"]
[White "Vlassov, Nikolai"]
[Black "Lehtosaari, Mauri"]
[WhiteFideId "4103360"]
[BlackFideId "501999"]
[WhiteElo "2324"]
[BlackElo "2481"]
[Result "1-0"]
[Round "10"]
[TimeControl "180+2"]
[Date "2023.06.06"]
[WhiteClock "0:00:11"]
[BlackClock "0:00:02"]
[Board "83"]

1. e4 d5 2. exd5 Qxd5 3. Nc3 Qd8 4. Nf3 Nf6 5. d4 Bg4 6. h3 Bxf3 7. Qxf3 c6 8. Bf4 e6 9. O-O-O Nbd7 10. g4 Nd5 11. Nxd5 cxd5 12. c4 Rc8 13. Kb1 Nf6 14. cxd5 Nxd5 15. Bb5+ Rc6 16. Be5 f6 17. Bxc6+ bxc6 18. Bg3 Bd6 19. Rhe1 Kf7 20. Qe4 Qd7 21. Rd3 g6 22. Rb3 Bxg3 23. fxg3 Re8 24. h4 Re7 25. h5 Qd6 26. hxg6+ hxg6 27. g5 f5 28. Qh4 Nb6 29. Qh7+ Ke8 30. Qxg6+ Kd7 31. Qf6 Kc7 32. g6 Nd5 33. Qg5 Rg7 34. Rh1 Qd7 35. Ra3 Kb7 36. Rh8 Nb6 37. Rd3 Kc7 38. Qf6 Nc8 39. Qe5+ Nd6 40. Ra3 Kb7 41. Qxg7 Qxg7 42. Rh7 Qxh7 43. gxh7 Nf7 44. Re3 Nh8 45. Rxe6 Kb6 46. Re8 1-0


[Site "https://www.chess.com"]

[Event "Titled Tuesday Blitz June 6 Early 2023"]
[White "Chernobay, Artem"]
[Black "MunichMouse"]
[WhiteFideId "4167406"]
[WhiteElo "2474"]
[BlackElo "2302"]
[Result "1-0"]
[Round "10"]
[TimeControl "180+2"]
[Date "2023.06.06"]
[WhiteClock "0:00:20"]
[BlackClock "0:00:18"]
[Board "84"]

1. d4 Nf6 2. c3 g6 3. Bg5 Bg7 4. Nd2 d5 5. Ngf3 h6 6. Bxf6 Bxf6 7. e4 dxe4 8. Nxe4 Bg7 9. h4 b6 10. h5 g5 11. Bb5+ Kf8 12. Qe2 Bb7 13. O-O-O a6 14. Bc4 b5 15. Bb3 e6 16. Nc5 Bd5 17. Ne5 Qd6 18. Ne4 Qe7 19. Qf3 Kg8 20. Bxd5 exd5 21. Ng3 Bxe5 22. dxe5 c6 23. Nf5 Qe6 24. Nd4 Qxe5 25. Rde1 Qf4+ 26. Qxf4 gxf4 27. Re8+ Kh7 28. Re7 Kg7 29. Rh4 c5 30. Rxf4 cxd4 31. Rexf7+ 1-0


[Site "https://www.chess.com"]

[Event "Titled Tuesday Blitz June 6 Early 2023"]
[White "Alexikov, Alexander"]
[Black "Novikov, Evgenij"]
[WhiteFideId "14103958"]
[BlackFideId "4125380"]
[WhiteElo "2186"]
[BlackElo "2242"]
[Result "1-0"]
[Round "10"]
[TimeControl "180+2"]
[Date "2023.06.06"]
[WhiteClock "0:00:15"]
[BlackClock "0:00:01"]
[Board "85"]

1. e4 e5 2. Nf3 Nc6 3. c3 d6 4. d4 Be7 5. Bb5 exd4 6. cxd4 Bd7 7. Nc3 a6 8. Ba4 Nf6 9. O-O O-O 10. h3 b5 11. Bc2 b4 12. Ne2 d5 13. e5 Ne4 14. Nf4 Bf5 15. Bb3 Be6 16. Be3 Na5 17. Rc1 Nxb3 18. axb3 Qd7 19. Qc2 Rfc8 20. Qc6 Qxc6 21. Rxc6 Bd7 22. Nxd5 Bd8 23. Rc4 Bb5 24. Nxb4 a5 25. Nd3 Bxc4 26. bxc4 a4 27. Ra1 Be7 28. c5 f6 29. Bf4 g5 30. Be3 h6 31. exf6 Nxf6 32. Nfe5 Nd5 33. Kf1 Ra6 34. Ke2 Rca8 35. Ra3 Kg7 36. Kd2 Bf6 37. Kc2 c6 38. Bd2 Re8 39. f4 gxf4 40. Nxf4 Bxe5 41. Nxd5 cxd5 42. Re3 a3 43. bxa3 Rb8 44. dxe5 Kf7 45. Bb4 Ke6 46. g4 Rf8 47. Kd3 Rf2 48. Re2 Rf3+ 49. Re3 Rf2 50. h4 Rf4 51. Rg3 d4 52. g5 hxg5 53. hxg5 Ra8 54. g6 Rg8 55. g7 Kd5 56. e6 Kxe6 57. Kc4 Rf7 58. c6 Rfxg7 59. Rxg7 Rxg7 60. Kxd4 Rc7 61. Kc5 Ke7 62. Kb6+ Kd8 63. Bd6 Rf7 64. a4 1-0


[Site "https://www.chess.com"]

[Event "Titled Tuesday Blitz June 6 Early 2023"]
[White "Buchenau, Frank"]
[Black "Gavrilov, Maxim"]
[WhiteFideId "4604350"]
[BlackFideId "24271454"]
[WhiteElo "2157"]
[BlackElo "1969"]
[Result "0-1"]
[Round "10"]
[TimeControl "180+2"]
[Date "2023.06.06"]
[WhiteClock "0:00:04"]
[BlackClock "0:00:25"]
[Board "86"]

1. e4 b6 2. d4 Bb7 3. Bd3 e6 4. Nf3 Ne7 5. O-O d5 6. e5 c5 7. c3 Nbc6 8. Re1 h6 9. Nbd2 a6 10. Nf1 Nc8 11. Ng3 b5 12. Nh5 Qb6 13. dxc5 Bxc5 14. Qe2 g6 15. Nf6+ Kd8 16. b4 Be7 17. Be3 Qc7 18. Bd4 Nxd4 19. cxd4 Bxf6 20. exf6 Nb6 21. Ne5 Nc4 22. Rec1 Ke8 23. a4 Rd8 24. axb5 axb5 25. Rc3 Qb6 26. Nxg6 fxg6 27. Bxg6+ Kf8 28. Rd3 Rg8 29. Qh5 Rh8 30. h3 Ra8 31. Rxa8+ Bxa8 32. f7 Qd8 33. h4 Qf6 34. Rf3 Qxd4 35. Bd3 Qa1+ 36. Kh2 Qe5+ 37. Rg3 Qxh5 0-1


[Site "https://www.chess.com"]

[Event "Titled Tuesday Blitz June 6 Early 2023"]
[White "Matveeva, Olga"]
[Black "Czerw, Dawid"]
[WhiteFideId "24107018"]
[BlackFideId "1145746"]
[WhiteElo "2009"]
[BlackElo "2144"]
[Result "1-0"]
[Round "10"]
[TimeControl "180+2"]
[Date "2023.06.06"]
[WhiteClock "0:00:57"]
[BlackClock "0:00:24"]
[Board "87"]

1. d4 Nf6 2. c4 e6 3. g3 d5 4. Nf3 Be7 5. Bg2 O-O 6. O-O dxc4 7. Qc2 b5 8. a4 b4 9. Nbd2 b3 10. Qxc4 Ba6 11. Qxb3 Bxe2 12. Re1 Ba6 13. Ne5 Nd5 14. Ne4 Nd7 15. Nc6 Qe8 16. Nxe7+ Qxe7 17. Bg5 f6 18. Nxf6+ gxf6 19. Bxd5 Rab8 20. Rxe6 Qf7 21. Rxf6 Rxb3 22. Rxf7 Rb4 23. Rxd7+ Kh8 24. Bh6 1-0


[Site "https://www.chess.com"]

[Event "Titled Tuesday Blitz June 6 Early 2023"]
[White "Vyatkin, Dmitry"]
[Black "Gheorghiu, Calin"]
[WhiteFideId "4171900"]
[BlackFideId "1200305"]
[WhiteElo "2279"]
[BlackElo "2204"]
[Result "0-1"]
[Round "10"]
[TimeControl "180+2"]
[Date "2023.06.06"]
[WhiteClock "0:00:29"]
[BlackClock "0:00:59"]
[Board "88"]

1. d4 e6 2. c4 Nf6 3. g3 c5 4. d5 exd5 5. cxd5 d6 6. Nc3 g6 7. Nf3 Bg7 8. Bg2 O-O 9. O-O Re8 10. Nd2 b6 11. a4 Ba6 12. Re1 Nbd7 13. h3 Qc7 14. Nb5 Bxb5 15. axb5 a6 16. Rxa6 Rxa6 17. bxa6 b5 18. e4 Qb6 19. f4 c4+ 20. Kh2 Nc5 21. Nf3 Nfxe4 22. Ng5 f5 23. Nxe4 Nxe4 24. Be3 Qxa6 25. Bd4 Qa4 26. Qxa4 bxa4 27. Bxg7 Kxg7 28. Bf1 Rb8 29. Re2 Rb3 30. Rc2 c3 31. bxc3 a3 32. Bd3 Rb2 33. Rxb2 axb2 34. c4 Nc3 35. g4 b1=Q 36. Bxb1 Nxb1 37. gxf5 gxf5 38. Kg3 Nd2 39. c5 Ne4+ 40. Kh4 dxc5 41. Kh5 c4 42. d6 Nxd6 43. h4 c3 44. Kg5 c2 45. Kh5 c1=Q 46. Kg5 Qg1+ 47. Kh5 Qg6# 0-1


[Site "https://www.chess.com"]

[Event "Titled Tuesday Blitz June 6 Early 2023"]
[White "Krutko, Anatoly"]
[Black "Avazkhonov, Alikhon"]
[WhiteFideId "4185862"]
[BlackFideId "14208504"]
[WhiteElo "2378"]
[BlackElo "1739"]
[Result "1-0"]
[Round "10"]
[TimeControl "180+2"]
[Date "2023.06.06"]
[WhiteClock "0:00:09"]
[BlackClock "0:00:08"]
[Board "89"]

1. d4 Nf6 2. c4 e6 3. Nc3 Bb4 4. e3 b6 5. Bd3 Bb7 6. Nf3 O-O 7. O-O d5 8. cxd5 exd5 9. a3 Bd6 10. Ne5 a6 11. f4 c5 12. Rf3 Nc6 13. Rh3 h6 14. Ng4 Be7 15. dxc5 d4 16. Ne4 Nxg4 17. Qxg4 Bc8 18. f5 Ne5 19. Qe2 Nxd3 20. Qxd3 Bxf5 21. Rf3 Bg6 22. exd4 bxc5 23. d5 Re8 24. Qc4 Bf8 25. Nc3 Re1+ 26. Rf1 Qh4 27. Qxh4 Rxf1+ 28. Kxf1 Bd3+ 29. Kg1 Re8 30. Bd2 c4 31. Re1 Bc5+ 32. Kh1 Rb8 33. Na4 Bd6 34. Bc3 1-0


[Site "https://www.chess.com"]

[Event "Titled Tuesday Blitz June 6 Early 2023"]
[White "Jaskolka, Tomasz"]
[Black "Koridze, Lile"]
[WhiteFideId "1170791"]
[BlackFideId "13612514"]
[WhiteElo "2155"]
[BlackElo "2047"]
[Result "1-0"]
[Round "10"]
[TimeControl "180+2"]
[Date "2023.06.06"]
[WhiteClock "0:01:38"]
[BlackClock "0:01:55"]
[Board "90"]

1. d4 Nf6 2. Nc3 d5 3. Bf4 c6 4. e3 e6 5. Nf3 Bd6 6. Ne5 O-O 7. Bd3 Qc7 8. Qf3 Nbd7 9. Qg3 Nh5 10. Qh3 g6 11. g4 Nxf4 12. exf4 f6 13. Bxg6 hxg6 14. Nxg6 Kg7 15. Nxf8 Nxf8 16. g5 f5 17. Qh6+ Kg8 18. O-O-O Bxf4+ 19. Kb1 Qg7 20. Qh5 Qg6 21. Qf3 Bd6 22. h4 Kh8 23. Rdg1 Bd7 24. h5 Qg7 25. g6 Qh6 26. g7+ Qxg7 27. Rxg7 Kxg7 1-0


[Site "https://www.chess.com"]

[Event "Titled Tuesday Blitz June 6 Early 2023"]
[White "Tarasova, Viktoriya"]
[Black "Ronka, Erik"]
[WhiteFideId "4175840"]
[BlackFideId "505080"]
[WhiteElo "2182"]
[BlackElo "2264"]
[Result "0-1"]
[Round "10"]
[TimeControl "180+2"]
[Date "2023.06.06"]
[WhiteClock "0:00:02"]
[BlackClock "0:01:09"]
[Board "91"]

1. d4 a6 2. e4 c5 3. d5 e5 4. a4 d6 5. Nc3 Be7 6. Nf3 Bg4 7. Be2 Bxf3 8. Bxf3 Bg5 9. O-O Bxc1 10. Qxc1 Ne7 11. Be2 O-O 12. g3 Nd7 13. f4 exf4 14. gxf4 f5 15. Bd3 fxe4 16. Bxe4 Nf5 17. Kh1 Qf6 18. Qd2 Rae8 19. Rae1 Nd4 20. Qg2 Qh6 21. Qg3 Nf6 22. f5 b5 23. axb5 axb5 24. Bg2 b4 25. Ne4 Nxe4 26. Rxe4 Rxe4 27. Bxe4 Qf6 28. c3 bxc3 29. bxc3 Ne2 30. Qd3 Nxc3 31. Bg2 Re8 32. Rc1 Ne2 33. Re1 Qe5 34. Rf1 Nf4 35. Qf3 Nxg2 36. Qxg2 Qe4 37. Qxe4 Rxe4 38. f6 Rd4 39. f7+ Kf8 40. Rf5 g6 41. Rf6 Rxd5 42. Kg2 c4 43. Kf3 c3 44. Ke4 Rc5 45. Rxd6 c2 46. Rd8+ Kxf7 47. Rd7+ Ke6 0-1


[Site "https://www.chess.com"]

[Event "Titled Tuesday Blitz June 6 Early 2023"]
[White "Ginzburg, Yakov"]
[Black "Barbot, Pierre"]
[WhiteFideId "4157176"]
[BlackFideId "663727"]
[WhiteElo "2305"]
[BlackElo "2431"]
[Result "1-0"]
[Round "10"]
[TimeControl "180+2"]
[Date "2023.06.06"]
[WhiteClock "0:00:05"]
[BlackClock "0:00:01"]
[Board "92"]

1. e4 c6 2. d4 d5 3. Nc3 dxe4 4. Nxe4 Nf6 5. Nxf6+ exf6 6. Bc4 Bd6 7. Ne2 O-O 8. O-O Nd7 9. Ng3 b5 10. Bb3 Nb6 11. Qh5 g6 12. Qh6 Nd5 13. c3 f5 14. Bg5 Be7 15. Bxe7 Qxe7 16. Rae1 Qf6 17. Bxd5 cxd5 18. Nh5 Qh8 19. Re3 Be6 20. Rfe1 Rfe8 21. Nf4 Qg7 22. Qxg7+ Kxg7 23. Nxe6+ fxe6 24. Rxe6 Rxe6 25. Rxe6 b4 26. cxb4 Rc8 27. g3 Rc2 28. Re7+ Kf6 29. Rxh7 Rxb2 30. Rxa7 Rxb4 31. Ra6+ Kf7 32. Kg2 Rxd4 33. h4 Rd3 34. f3 Rd2+ 35. Kf1 d4 36. Ke1 Rg2 37. Rd6 Rxg3 38. Kf2 Rh3 39. Rxd4 Rh2+ 40. Kg3 Rxa2 41. Rd6 Ra4 42. Rb6 Kg7 43. Rc6 Kh6 44. Rb6 Kh5 45. Rb8 Kh6 46. Rc8 Rb4 47. Ra8 Rc4 48. Kh3 Rb4 49. Kg3 Rd4 50. Re8 Kg7 51. Re5 Kf6 52. Ra5 Rb4 53. Kf2 Rxh4 54. Kg3 Rb4 55. Ra6+ Kg5 56. Rc6 Rb2 57. Ra6 Rb1 58. Rc6 Rh1 59. Rc8 f4+ 60. Kg2 Rb1 61. Rc7 Rb3 62. Rc8 Kf5 63. Rc5+ Kf6 64. Rc6+ Kg5 65. Rc8 Kh6 66. Rc6 Kh5 67. Rc8 g5 68. Rh8+ Kg6 69. Ra8 Kf5 70. Rf8+ Ke5 71. Re8+ Kd4 72. Re7 Kd3 73. Re8 Kd2 74. Re5 Re3 75. Rxg5 Ke2 76. Ra5 Rd3 77. Re5+ Re3 78. Ra5 Rd3 79. Ra4 Rd2 80. Ra3 Ke1+ 81. Kh3 Kf2 82. Kg4 Rd4 83. Rb3 Kg2 84. Rb2+ Kf1 85. Kf5 Rc4 86. Ke5 Ra4 87. Rd2 Ke1 88. Rh2 Kf1 89. Kf5 Ke1 90. Kg4 Kf1 91. Rb2 Ke1 92. Kf5 Kf1 93. Ke5 Ke1 94. Rc2 Kf1 95. Rh2 Ke1 96. Rh4 Kf2 97. Rxf4 Ra5+ 98. Ke4 Ra4+ 99. Kf5 Ra5+ 100. Kg4 Ke3 101. Re4+ Kd3 102. Re1 Ra8 103. f4 Rg8+ 104. Kf5 Rf8+ 105. Kg5 Rg8+ 106. Kf5 Rf8+ 107. Kg4 Rg8+ 108. Kf3 Rf8 109. Rd1+ Kc4 110. Rd7 Kc5 111. Kg4 Kc6 112. Rd1 Rg8+ 113. Kh5 Rf8 114. Kg5 Rg8+ 115. Kf6 Rf8+ 116. Ke5 Re8+ 117. Kf5 Rf8+ 118. Ke4 Re8+ 119. Kf3 Rf8 120. Rd2 Ra8 121. f5 Rf8 122. Kf4 Kc7 123. Kg5 Rg8+ 124. Kf6 Rf8+ 125. Ke6 Rh8 126. f6 Rh1 127. Kf7 Rf1 128. Ke7 Re1+ 129. Kf8 Rf1 130. f7 Rf3 131. Rd5 Rf1 132. Kg7 Kc6 133. Rg5 1-0


[Site "https://www.chess.com"]

[Event "Titled Tuesday Blitz June 6 Early 2023"]
[White "Srdanovic, Jovana"]
[Black "Vivas Zamora, Fabian Ernesto"]
[WhiteFideId "954810"]
[BlackFideId "3902480"]
[WhiteElo "2155"]
[BlackElo "2244"]
[Result "0-1"]
[Round "10"]
[TimeControl "180+2"]
[Date "2023.06.06"]
[WhiteClock "0:01:14"]
[BlackClock "0:00:09"]
[Board "93"]

1. d4 Nf6 2. c4 g6 3. Nc3 d5 4. Nf3 Bg7 5. Bg5 Ne4 6. cxd5 Nxg5 7. Nxg5 c6 8. dxc6 Nxc6 9. e3 e5 10. Nf3 exd4 11. exd4 O-O 12. d5 Nb4 13. Be2 Bxc3+ 14. bxc3 Nxd5 15. Rc1 Nf4 16. O-O Be6 17. Nd4 Bxa2 18. Qd2 Qg5 19. Bg4 Nh3+ 20. Bxh3 Qxd2 21. Rc2 Qd3 22. Rxa2 Qxc3 23. Nf3 Qf6 24. Rb1 b6 25. Bd7 Rfd8 26. Ba4 a6 27. h3 b5 28. Bb3 Rd3 29. Ne1 Rc3 30. Bd5 Rd8 31. Bf3 Rdc8 32. Kf1 Rc1 33. Rbb2 Re8 34. Re2 Rxe2 35. Rxe2 Qc3 36. h4 Kg7 37. h5 h6 38. hxg6 Kxg6 39. Be4+ Kg7 40. Bf3 a5 41. Re3 Qb4 42. Re4 Qd2 43. Re2 Qb4 44. Re4 Qc5 45. Rg4+ Kf8 46. Re4 a4 47. g3 a3 48. Kg2 a2 49. Nd3 Qc3 50. Ne5 a1=Q 51. Nd7+ Kg7 52. Rg4+ Kh8 53. Nf6 Rg1+ 54. Kh2 Qxf6 0-1


[Site "https://www.chess.com"]